[Event "44th Chess Olympiad Open 2022"]
[Site "Chennai"]
[Date "2022.08.02"]
[Round "5.9"]
[White "Bok, Benjamin"]
[Black "Preotu, Razvan"]
[Result "1-0"]
[WhiteElo "2616"]
[BlackElo "2445"]
[Annotator "TA"]
[PlyCount "121"]
[EventDate "2022.??.??"]
[TimeControl "60"]

1. Nf3 Nf6 2. c4 c5 3. Nc3 d5 4. cxd5 Nxd5 5. e4 Nb4 6.
Bc4 Nd3+ 7. Ke2 Nf4+ {
[%emt 0:00:20] A34: Symmetrical English: 2 Nc3, lines with ...d5.} 8. Kf1 {
[%emt 0:00:05] aiming for d4.} Ne6 {[%emt 0:00:31] Against d4} 9. h4 (9. b4 $5 ) 9... Nd4 {[%emt 0:06:16] The position is
equal.} 10. Nb5 Ndc6 11. d4 a6 12. d5 $1 axb5 13. Bxb5 {
[%emt 0:01:54] Pin} e6 14. Qe2 {[%emt 0:05:54] [#]} exd5 $146 (14... Be7 $1 $11 15. dxc6 Nxc6) ({Predecessor:} 14... Be7 15.
dxc6 Nxc6 16. Rh3 O-O 17. Rg3 Bxh4 18. Nxh4 Qxh4 19. Rh3 Qf6 20. Qh5 h6 {
½-½ (40) So,W (2770)-Vachier Lagrave,M (2760) Bucharest 2021}) 15. exd5+ $14
{[%emt 0:00:15] Pin} Be7 16. Bg5 {[%emt 0:00:00] Black must
now prevent Rd1.} O-O {[%emt 0:00:46] ...Bxg5 is the strong threat.} 17. dxc6 Nxc6 18. Bxc6 Bxg5 19. hxg5 bxc6 20. Qc2 Ba6+ 21. Kg1 Bd3 22. Qxc5 Be4 $1 23. Rh3 (23. b4 {feels hotter.} f6 24. Rh3
fxg5 25. Nxg5 Bd5 26. Nxh7 Rf4 27. Qe3) 23... Qd5 24. Qxd5 (24. Qe3 {seems wilder.} Bxf3 25. Qxf3 Rxa2 26. Rxa2 Qxa2 27.
Qe4) 24... Bxd5 25. Nd4 Rfb8 26. b3 c5 27. Nc2 Be4 28. Ne1 Bd5 29. Rd1 Be6 30. Rc3 Rxa2 31.
Nd3 h6 (31... Bxb3 $2 32. Rxb3 $1 Rxb3 33.
Nc1 $18) (31... Rxb3 $2 32. Nc1 $1 (32. Nxc5 Rb8 $14) 32... Rb8 33. Nxa2 Bxa2
34. Rxc5 $18) 32. Nxc5 hxg5 33. Nxe6 fxe6 $11 {[%emt 0:00:00] Endgame KRR-KRR} 34. Rd7 Kh7 35. Rcc7 Rxb3 36.
Rxg7+ Kh6 37. Rh7+ Kg6 38. Rcg7+ Kf6 39. Rf7+ Kg6 $1 40. Rhg7+ Kh6 $1 41. Rh7+ Kg6 42. Rhg7+ Kh6 $1 43. Rg8 Rb5 (43... Rb1+ $11 {keeps the balance.} 44. Kh2 Rb5) 44. f3 $16 Re5 45. Rfg7 Raa5 46. Kh2 Rab5 47. Kg3 {[%emt 0:00:00] White
is more active.} ({White should try} 47. Rg6+ $16 Kh7 48. R8g7+ Kh8 49. Rg8+
Kh7 50. R8g7+ Kh8 51. Kg3) 47... Ra5 {[%emt 0:00:00] [#]} (47... Rb8 $1 $11 {
remains equal.}) 48. Rg6+ $1 Kh7 49. R8g7+ Kh8 50. Rg8+ Kh7 51. R8g7+ Kh8 52. Kh3 Rf5 53. Rg8+ Kh7 54. R8g7+ Kh8 55. Re7 Rae5 (55... Rfe5 $16 56. Rc7 (56. Rexe6 Rxe6 57. Rxe6 Kg7 $14) 56... Ra4) 56.
Rexe6 $18 ({Resist} 56. Rgxe6 $6 g4+ 57. Kxg4 Rg5+ 58. Kh3
Rh5+ 59. Kg4 (59. Kg3 Reg5+ 60. Kf4 Rxg2 $16) 59... Reg5+ 60. Kf4 Rxg2 $16)
56... Rxe6 (56... Kh7 57. Rh6+ Kg8) 57. Rxe6 {[%emt 0:00:02]
White is clearly winning.} Kg7 58. Kg4 Ra5 {
[%emt 0:00:00] [#]} 59. Kh5 $1 Kf7 60. Rg6 g4+ 61. Rg5 {[%emt 0:00:16] Weighted Error
Value: White=0.14 (very precise) /Black=0.15 (very precise)} 1-0

[Event "44th Chess Olympiad Open 2022"]
[Site "Chennai"]
[Date "2022.08.02"]
[Round "5.9"]
[White "Panjwani, Raja"]
[Black "Van Foreest, Jorden"]
[Result "0-1"]
[WhiteElo "2450"]
[BlackElo "2678"]
[Annotator "TA"]
[PlyCount "80"]
[EventDate "2022.??.??"]
[TimeControl "60"]

1. d4 d5 2. c4 c6 3. Nf3 Nf6 4. e3 Bf5 5. Nc3 e6 6. Nh4 Bg6 7. Be2 {[%emt 0:00:29] D12: Slav Defence: 3 Nf3 Nf6 4 e3 Bf5.} Nbd7 8. O-O Be7 9. g3 {[%emt 0:01:26]
White is slightly better.} a6 10. Bd2 dxc4 {
[%emt 0:04:58] [#]} 11. Bxc4 $146 ({Predecessor:} 11. Nxg6
hxg6 12. Bxc4 c5 13. Be2 O-O 14. Bf3 Rb8 15. Rc1 e5 16. Ne2 b5 17. dxc5 Bxc5 {
0-1 (41) Kourkoulos Arditis,S (2485)-Fedoseev,V (2696) Belgrade 2021}) 11...
Bh5 12. Be2 Bxe2 13. Qxe2 c5 14. Nf3 O-O 15. Rfd1 b5 16. e4 cxd4 17. Nxd4 {[%emt 0:00:34] Black must now prevent e5.} Qb6 18. Be3 Qb7 19.
f3 Rac8 20. Rac1 Ne5 21. Nb1 h6 22. Nd2 Rfd8 23. h3 Bb4 24. Rxc8 Rxc8 25. Nf1 Bc5 26. b3 Bb6 27. Nh2 Rc3 28. Bf2 ({Better is} 28. Kg2 $1 $15) 28... h5
$1 $17 {[%emt 0:06:40][%cal Yh6h5,Yh5h4] Black is more active.} 29. Kg2 {
[%emt 0:00:18] [#]} h4 $1 30. Be1 (30. Ng4
$17 {was called for.} Nfxg4 31. hxg4) 30... Rc8 {[%emt 0:00:00] aiming for ...
Ng6.} 31. Ng4 Nfxg4 32. hxg4 Ng6 33. Nc2 (33. Qb2 $17) 33... Bc7 $19 {
[%emt 0:02:33] ...hxg3 is the strong threat.} 34. Nb4 ({
Don't go for} 34. Rd7 $2 {[#]} Bxg3 $1 35. Rxb7 Nf4+ 36. Kf1 Nxe2 $19) 34...
Bxg3 35. Bxg3 hxg3 36. Kxg3 Qe7 $36 {[%emt 0:01:44] ( -> ... Qh4+). Black is really
pushing.} 37. Nd3 Rc3 38. Qe3 $2 (38. Kf2) 38... Qh4+ {[%emt 0:01:09] Black is clearly winning.} ({
Stronger than} 38... Rc2 39. Rd2 Qh4+ 40. Kg2 $17) 39. Kg2 e5
{[%emt 0:00:06][%cal Yg6f4] Hoping for ...Nf4+!} 40. Kf1 Nf4 {
[%emt 0:01:38] Weighted Error Value: White=0.30/Black=0.02 (flawless)} 0-1

[Event "44th Chess Olympiad Open 2022"]
[Site "Chennai"]
[Date "2022.08.02"]
[Round "5.9"]
[White "Samsonkin, Artiom"]
[Black "Warmerdam, Max"]
[Result "0-1"]
[WhiteElo "2434"]
[BlackElo "2610"]
[Annotator "TA"]
[PlyCount "78"]
[EventDate "2022.??.??"]
[TimeControl "60"]

1. e4 c5 2. Nf3 e6 3. Nc3 Nc6 4. Bb5 Nd4 5. Bc4 a6 6. d3 {[%emt 0:03:01] B30: Sicilian: 2...Nc6 3 Bb5, lines
without ...g6.} b5 7. Bb3 Nxf3+ $5 {[%emt 0:
00:00] A promising side line.} 8. Qxf3 {[%emt 0:00:10] The position is equal.}
Bb7 9. O-O Nf6 {[%emt 0:13:28] [#]} 10. Qe2
$146 ({Predecessor:} 10. Qg3 h5 11. Qh4 Be7 12. Bg5 Ng4 13.
Bxe7 Qxe7 14. Qg3 O-O 15. f3 Nh6 16. a4 {0-1 (25) Carrasco Martinez,J (2370)
-Anton Guijarro,D (2659) Linares 2021}) 10... Qc7 11. a4 c4 12. dxc4 b4 13. Nd5 exd5 14. exd5+ Kd8 15. a5 Bc5 16. Qf3 Qe5 17. Bf4 {[%emt 0:04:07] [#]} (17. Bd2 $17)
17... Qe4 $1 $19 ({Inferior is} 17... Qxb2 18. Be3 Rc8 19.
Rae1 $15) 18. Qg3 {[%emt 0:02:30] aiming for Bc7+.} Qg6 19.
Qd3 d6 20. Rfe1 (20. Be3 $17
{might work better.}) 20... Bc8 21. Be3 {[%emt 0:02:02] Black
must now prevent Bxc5.} Bf5 22. Qd1 Re8 {
[%emt 0:03:17][%cal Ye8e3] Hoping for ...Rxe3!} 23. Ba4 $2 {[%emt 0:01:06] [#]
Loses the game.} (23. Bxc5 $17 {was the only chance.} dxc5 24. Qd2) 23... Rxe3
$1 24. Rxe3 Bxe3 25. fxe3 Qg4 26. Qf1 Bd7 27. Bxd7 Kxd7 28. Ra4 Rb8 29. b3 Qe4 30. Qf2 Ke7 31. h3 Nd7 32. Ra1 Kf8 33.
Rf1 Nf6 ({Wrong is} 
33... Ne5 $2 34. Kh2 $19) 34. Qd2 Qe5 35. Rf4 Ne4 36. Qd3 Re8 37. Rf3 Ng5 {[%emt 0:00:18] Black is clearly winning.}
38. Rf5 Qg3 39. e4 Nxe4 {
[%emt 0:00:24] Weighted Error Value: White=0.38/Black=0.12 (very precise)} 0-1

[Event "44th Chess Olympiad Open 2022"]
[Site "Chennai"]
[Date "2022.08.02"]
[Round "5.10"]
[White "Bluebaum, Matthias"]
[Black "Borisek, Jure"]
[Result "1/2-1/2"]
[WhiteElo "2673"]
[BlackElo "2577"]
[Annotator "TA"]
[PlyCount "179"]
[EventDate "2022.??.??"]
[TimeControl "60"]

1. d4 d5 2. c4 dxc4 3. Nf3 Nf6 4. e3 e6 5. Bxc4 c5 6. O-O Nc6 7. Nc3 a6 8. d5 Na5 9. b3 b5 $1 10. Bd3
$1 ({Reject} 10. dxe6 Qxd1 11. exf7+ Ke7 12. Rxd1 bxc4 $15)
10... Nxd5 11. Nxd5 exd5 12.
Bb2 Bg4 13. Re1 Rc8 14. Be2 Nc6 (14... c4 $11)
15. e4 (15. a4 $16) 15... d4 16. Nxd4 $1 Bxe2 17. Nxe2 Qxd1 18. Rexd1 f6 19. Nf4 Be7 20. Nd5 Kf7 21. Ba3 Rhd8 22. Rac1 b4 23. Bb2 Na5 24. Nxe7 Kxe7 25. e5 c4 26. exf6+ gxf6 27. bxc4 $1 Rxd1+ 28. Rxd1 Nxc4 29. Bd4 a5 30. g4 Kf7 (30... Ne5 $17 {...Rc2 is the strong threat.} 31. Bxe5 fxe5) 31. Rc1 $11 Rc6 32. f4 Ke6 33. Kf2 Kd5 34. Ba1 a4 35. Rd1+ Ke6 36. f5+ Ke7 37. Rc1 (37. Rb1 $5 ) 37... Ne5 38. Rxc6 Nxc6 39. Ke3 b3 40. axb3 axb3 41. Kd3 Nd8 42.
Kc4 Nf7 (42... h5 {seems wilder.} 43. h3 hxg4
44. hxg4 b2) 43. Kxb3 h5 44. gxh5 Nh6 45. Kc4 Nxf5 46.
Kd5 Kf7 47. Ke4 Nh6 (47... Ng7 $1 $11 {remains equal.}) 48. Kf4 Kg7 49. Bc3 Kf7 50. h3 (50. Bd2 $16) 50... Kg7 $11 51. Bd2 Kh7 52. Ke4 Ng8 53.
Kf5 Nh6+ ({Black should play} 53... Kg7 $14)
54. Kxf6 $18 Ng8+ 55. Kg5 Nh6 56. Bb4 Kg7 57. Bc3+ Kh7 58. Kf6 Ng8+ 59. Kf7 Nh6+ {[%emt 0:00:07] [#]} 60. Ke6 $1 Ng8 61. Bd2 Kg7 62. Be3 Nh6 63. Bg5 Ng8 64. Bd8 Nh6 65. Bf6+ Kh7 66. Bb2 Ng8 67. Kf7 Nh6+ 68. Kf6 Ng8+ 69. Kg5 Nh6 70. Ba3 Kg7 71. Bb2+ Kh7 72. Bd4 Ng8 73. Bc5 Kg7 74. Be3 Nh6 75. Bd4+ Kh7 76. Kf6 Ng8+ 77. Kf7 Nh6+ {[%emt 0:00:04] [#]} 78. Ke6 $1 Ng8 79. Kf5 Nh6+ 80. Kg5 Ng8 $1 81. Be3 Kg7 82. Bc5 Nh6 83. Bf8+ $2 ({Don't do} 83. Bd4+ Kh7 84. Kf6 Ng8+ 85. Kf7 Nh6+ 86. Ke6 Ng8 $18) (83.
Kf4 $18) 83... Kxf8 $11 84. Kxh6 Kg8 85. Kg6 Kh8 86. h6 Kg8 87. h4 Kh8 88.
h5 Kg8 89. h7+ Kh8 90. Kh6 1/2-1/2

[Event "44th Chess Olympiad Open 2022"]
[Site "Chennai"]
[Date "2022.08.02"]
[Round "5.10"]
[White "Kollars, Dmitrij"]
[Black "Dobrovoljc, Vid"]
[Result "1-0"]
[WhiteElo "2648"]
[BlackElo "2398"]
[Annotator "TA"]
[PlyCount "125"]
[EventDate "2022.??.??"]
[TimeControl "60"]

1. e4 e5 2. Nf3 Nc6 3. Bc4 Nf6 4. Ng5 d5 5. exd5 Na5 6. Bb5+ c6 7. dxc6 bxc6 8. Bd3 $1 {[%emt 0:00:15]
is more profitable than 8.Be2 at the moment.} Nd5 {[%emt 0:00:38] C58: Two
Knights: 4 Ng5 d5 5 exd5 Na5 sidelines.} 9. Nf3 ({Inferior is
} 9. Qh5 g6 10. Nxf7 gxh5 $17) 9... Bd6 10. Nc3 f5 {[%emt 0:06:23] The position is equal.} 11. Nxd5 cxd5 12. b4 Nc6 13. Bb5 Qb6 14. Bxc6+ Qxc6 15. Bb2 d4 16. O-O O-O 17. c3 Ba6 18.
Re1 {[%emt 0:10:49] [#]} dxc3 $146 (18... e4 $1 $11 19. Nxd4
Qd5) ({Predecessor:} 18... Qd5 19. cxd4 e4 20. Ne5 Bb7 21. Bc3 Bc7 22. Qe2 Rac8
23. a4 Bb6 24. Qe3 f4 {1-0 (40) Socko,B (2617)-Kaczur,F (2479) Montesilvano
2021}) 19. Qb3+ $14 Qc4 20. Bxc3 e4 21. Nd4 Qxb3 22.
axb3 Bd3 23. Ra5 g6 24. Rea1 Rf7 25. Nc6 Rb7 26. Rd5 Bf8 27. h4 Rb6 28. Ne5 {[%emt 0:
00:00] White is more active.} Bxb4 29. Nxd3 (
29. Nd7 {seems wilder.} Rb7 30. Bxb4 Rxb4 31. Rc1) 29... exd3 30. Rxd3 Bxc3 31. Rxc3 {[%emt 0:00:05]
Endgame KRR-KRR} ({Much worse is} 31. dxc3 Rxb3 32. Ra5 a6 $11) 31... Rb7 32. h5 Kg7 33. hxg6 hxg6 34. Ra6 Rb6 35.
Rxb6 axb6 $16 {[%emt 0:00:03] KR-KR} 36. Kf1 Ra1+ 37. Ke2 Rb1 38. f4 ({Better is} 38. Ke3 $16) 38... Rg1 39. Rg3 Kf6 40. Kd3 Rf1 {[%emt 0:00:
44] [#]} 41. Rf3 $1 Rg1 42. g3 {[%emt 0:00:
00] Threatens to win with Kc3.} Rc1 43. Kd4 {[%emt 0:00:00]
Kd5 is the strong threat.} Rc8 $2 {[%emt 0:00:24] A mistake that costs the
game.} (43... Rc2 $16) 44. Kd5 $18 g5 45. d4
{[%emt 0:00:00] [#] Black must now prevent fxg5+.} b5 $2 (
45... g4 {is a better chance.} 46. Re3 b5) 46. Re3 $2 (46.
fxg5+ Kg6 47. Ke6 Rc6+ 48. Ke5) 46... b4 (46... g4 $142 47.
Re6+ Kf7) 47. Re6+ Kf7 $2 (47... Kg7 48. Rb6
(48. fxg5 Rc3 $16) 48... Rc3) 48. fxg5 Rc3 49. Rf6+ Ke7 50. Rxf5 {[%emt 0:00:00] aiming
for g4.} Rxb3 51. Kc4 Rxg3 52. Kxb4 Ke6 53. Re5+ Kd6 54. Kc4 Rg4 55. Ra5 Kd7 56. Kd3 Ke7 57.
Ke3 Kd7 58. Rd5+ Kc6 59. Kf3 {[%emt 0:01:00] White mates.} Rg1 60.
Re5 Kd6 61. Kf4 Rd1 62. Ke4 Rf1 63. g6 {[%emt 0:
00:18] Weighted Error Value: White=0.18 (very precise) / Black=0.33} 1-0

[Event "44th Chess Olympiad Open 2022"]
[Site "Chennai"]
[Date "2022.08.02"]
[Round "5.10"]
[White "Subelj, Jan"]
[Black "Keymer, Vincent"]
[Result "0-1"]
[WhiteElo "2498"]
[BlackElo "2686"]
[Annotator "TA"]
[PlyCount "114"]
[EventDate "2022.??.??"]
[TimeControl "60"]

1. e4 c5 2. Nf3 d6 3. Bb5+ Nd7 4. d4 cxd4 5. Nxd4 Ngf6 6. O-O {[%emt 0:01:32] B51: Sicilian: Moscow Variation (3 Bb5+)
without 3...Bd7.} g6 7. Re1 Bg7 8. Bf1 {[%emt 0:01:36] The position is equal.} Nc5 9. f3
{[%emt 0:14:06] [#]} O-O $146 ({Predecessor:} 9... Qb6 10. c3
O-O 11. Na3 a6 12. Nc4 Qc7 13. Ne3 b5 14. b3 Bb7 15. Ba3 Rac8 {0-1 (36) Xiong,
J (2691)-Rapport,R (2764) chess24.com INT 2022}) 10. Be3 Ne6 11. c4 Nxd4 12. Bxd4 Be6 13. Nc3 Qa5 14. Nd5 Bxd5 15. exd5 Rfe8 16. Kh1 Nh5 17. Re3 Bxd4 18. Qxd4 Ng7 19. Re4 Rad8 20. a3 e5 21. dxe6 Rxe6 22. b4 Rxe4 23. Qxe4 Qb6 24. Rd1 Re8 25. Qf4 Nf5 26. Bd3 $2 (26. c5 $11 Qc6 27. cxd6)
26... Qf2 $1 $19 27. Qc1 Ne3 {[%emt 0:06:03]
Against Rf1.0x0.001989f0fb3ddp-1022s more active pieces.} (27... Nh4 $1 $17 28. Bf1 Re2 $1) 28. Rd2 $15 Ng4 29. Be4 (29. Rxf2 $2 Nxf2+ 30. Kg1 Nxd3 $19) (
{Better is} 29. Rd1 $1 $15 Ne3 30. Rd2) 29... Qe3 $17 {[%emt 0:05:05] ( -> ...
Nf2+)} 30. fxg4 Rxe4 ({Stronger
than} 30... Qxe4 31. h3 $15) 31. h3 {[%emt 0:01:33] [#]} Rxc4 $3 32. Qxc4 {[%emt 0:00:09] Hoping for Re2.} Qxd2 {[%emt 0:00:03] Endgame
KQ-KQ} 33. Qc8+ Kg7 34. Qxb7 Qc1+ 35. Kh2 Qxa3 36. Qb8 Qa6 37. Qc7 h6 38. Qc3+ Kg8 39. Qc7 ({
White should try} 39. Qd2) 39... Qb6 40. Qc8+ Kg7 41. Qc3+ {[%emt 0:30:15] [#]} Kh7 $1 42.
Qf6 Kg8 43. Qf4 (43. Qf3
$142) 43... d5 $19 {[%emt 0:00:00] White must now prevent ...d4.} 44. h4 $2 (44. Qd2 {keeps fighting.} Qd6+ 45. Kg1) 44... d4 45. h5 (45. Qxh6 {is a better defense.} Qxb4 46. Qf4)
45... g5 46. Qd2 Qc7+ 47. g3 Qc3 48. Qf2 d3 49. Qe3 Qc2+ 50. Kh3 Qe2 (50... d2 $142 51. Qe8+ Kg7 52. Qe5+ Kf8 53. Qh8+ Ke7 54.
Qe5+ Kd7 55. Qd5+ Ke7 56. Qe5+ Kd7 57. Qd5+ Kc8 58. Qa8+ Kc7 59. Qxa7+ Kd6 60.
Qd4+ Ke6 61. Qb6+ Kd5 62. Qxh6 d1=Q 63. Qxg5+ Kc6 64. Qf6+ Kb5 65. Qe5+ Ka4 66.
Qe8+ Ka3 67. Qe3+ Ka2 68. Kh4 Qh2+ 69. Kg5 Qd8+ 70. Kf5 Qc2+ 71. Qe4 Qd5+ 72.
Kf6 Qcxe4 73. Kg7 Qg5+ 74. Kh8 Qc6 75. Kh7 Qch6#) 51. Qd4 d2 {
[%emt 0:03:06] Black mates.} 52. Qd8+ Kg7 53.
Qd4+ Kh7 54. Qf6 {[%emt 0:00:06] [#]} Qc4 $1 ({Not} 54... d1=Q 55. Qxf7+ Kh8 56. Qf8+ Kh7 57. Qf7+ Kh8 58.
Qf8+ Kh7 59. Qf7+ $11) 55. Qf3 Kg7 56. b5 Qc2 57. b6 d1=Q {[%emt 0:00:
06] Weighted Error Value: White=0.48/Black=0.13 (very precise)} 0-1

[Event "44th Chess Olympiad Open 2022"]
[Site "Chennai"]
[Date "2022.08.02"]
[Round "5.10"]
[White "Markoja, Boris"]
[Black "Svane, Rasmus"]
[Result "1/2-1/2"]
[WhiteElo "2452"]
[BlackElo "2649"]
[Annotator "RC"]
[PlyCount "61"]
[EventDate "2022.??.??"]
[TimeControl "60"]

1. d4 d5 2. Nc3 Nf6 3. Bf4 c5 4. e4 Nxe4 5. Nxe4 dxe4 6.
dxc5 Qa5+ 7. c3 Qxc5 8. Qa4+ Nc6 9. Qxe4 g6 10. Nf3 Bg7 11.
Qe3 Qxe3+ 12. Bxe3 Be6 13. Be2 O-O 14. O-O Rfd8 15. a4 Na5 16.
Rfd1 Bc4 17. Rxd8+ Rxd8 18. Rd1 Rc8 19. Bxc4 Nxc4 20. Rd7 Nxb2 21. Rxb7 Nxa4 22. Rxa7 Nxc3 23. Rxe7 Nd5 24.
Re4 Nxe3 25. Rxe3 Bd4 26. Re2 Rc3 27. Kf1 Bf6 28. h4 Kg7 29.
Rd2 Rb3 30. Ke2 Rb4 31. g3 1/2-1/2

[Event "44th Chess Olympiad Open 2022"]
[Site "Chennai"]
[Date "2022.08.02"]
[Round "5.11"]
[White "Sethuraman, S.P..."]
[Black "Morovic Fernandez, Ivan"]
[Result "1-0"]
[WhiteElo "2623"]
[BlackElo "2489"]
[Annotator "TA"]
[PlyCount "81"]
[EventDate "2022.??.??"]
[TimeControl "60"]

1. e4 e5 2. Nf3 Nc6 3. Bb5 a6 4. Ba4 Nf6 5. O-O Be7 6. Re1 b5 7. Bb3 d6 8. c3 O-O 9. h3 h6 10. d4 Re8 11. Nbd2 Bf8 12. Bc2 Bd7 13. Nf1 {[%emt 0:
00:00] C93: Closed Ruy Lopez: Smyslov Variation.} a5 14. Ng3 a4 15. Be3 {[%emt 0:10:28] White has an edge.}
Na5 16. b3 axb3 17. axb3 c5 18. d5 Qc7 19. Nh2 {[%emt 0:06:49] [#]} Rec8 $146 ({Predecessor:} 19...
Reb8 20. f4 exf4 21. Bxf4 g5 22. e5 gxf4 23. exf6 c4 24. Qh5 fxg3 25. Bh7+ Kxh7
26. Qxf7+ {0-1 (35) Papp,G (2305)-Mihok,O (2550) Ajka 2018}) 20. Qf3 Qd8 (20... c4 $5 21. b4 Nb3
22. Rxa8 Rxa8 $14) 21. Nf5 ({White should try} 21. Reb1 $14)
21... Bxf5 22. exf5 c4 23.
b4 Nb3 24. Rad1 Ra3 25. g4 Rca8 {[%emt 0:02:02]
White stays focused until the end.} (25... Nh7 $11 {keeps the balance.}) 26. h4
$1 $16 {[%emt 0:02:10] Threatens to win with g5.} Na1 27. Bb1
{[%emt 0:00:07] Hoping for g5.} Rxc3 28. g5 Nh7 ({Not} 28... hxg5 29. hxg5 Rxe3 30. Rxe3 (30. Qxe3 Nh5 $15
)) 29. f6 $1 g6 {[%emt 0:08:22] [#]} 30. Bxg6 {[%emt 0:01:29]
White is more active.} fxg6 31. Rxa1 hxg5 32. hxg5 Nxg5 33. Qg4 Rxe3 34. fxe3 Rxa1 35. Rxa1 Qxf6 36. Rf1 $36 {[%emt 0:
00:02] Against Qf5. White is in control.} Qe7 37. Nf3 {
[%emt 0:00:04] White has strong compensation.} Bh6 {[%emt 0:02:22] [#]} 38. Kg2
{[%emt 0:02:14] And now Qh4 would win.} Kg7 {[%emt 0:01:34] [#]} 39. Qh4 $1 {
[%emt 0:02:20] Black must now prevent Rh1.} e4 $2 (39... Qf6
$2 40. Nh2 Nf3 41. Qxf6+ Kxf6 42. Kxf3 $18) (39... Qd8 40. Ra1 (40. Rh1 Nf7 $18
) 40... Nf7) 40. Nh2 $18 {[%emt 0:00:32] White threatens Ng4 and mate.} Qd8 41. Ng4 {[%emt 0:30:22] Weighted Error Value: White=0.07 
(flawless) /Black=0.30} 1-0

[Event "44th Chess Olympiad Open 2022"]
[Site "Chennai"]
[Date "2022.08.02"]
[Round "5.11"]
[White "Henriquez Villagra, Cristobal"]
[Black "Ganguly, Surya Shekhar"]
[Result "1/2-1/2"]
[WhiteElo "2620"]
[BlackElo "2608"]
[Annotator "TA"]
[PlyCount "73"]
[EventDate "2022.??.??"]
[TimeControl "60"]

1. c4 {[%emt 0:00:03]
Krasenkow,Michal} Nf6 2. Nc3 e6 3. e4 d5 4. cxd5 exd5 5. e5 Ne4 6. Nf3 Bf5 {[%emt 0:00:58] A18: English Opening: Flohr-Mikenas System (1 c4 Nf6
2 Nc3 e6 3 e4).} 7. d3 Nxc3 8. bxc3 c5 9. d4 Qa5 10. Bd2 Nc6 11. c4 Qd8 12. Qb3 Be4 {[%emt 0:01:16] [#]} 13. Rc1
$146 (13. Qxb7 $14 Qc8 14. Qxc8+ Rxc8 15. cxd5 Bxd5 16. Rc1) (
{Predecessor:} 13. Qxb7 Rc8 14. cxd5 Bxd5 15. e6 Be7 16. exf7+ Kf8 17. Qa6 Nxd4
18. Nxd4 cxd4 19. Bb5 {1-0 (56) So,W (2770)-Aronian,L (2781) chess24.com INT
2021 CBM 202 [Krasenkow,Michal]}) 13... Be7 $11 14. cxd5 $1 Bxd5 15. Bc4 ({Avoid the trap
} 15. Qxb7 $2 Nxd4 16. Bb5+ Kf8 $19) 15... Bxc4 16. Rxc4 O-O 17. O-O Qd5 18. dxc5 Bxc5 19.
Qc2 (19. Rc3 $5 Rfd8 20. Bg5 $15 (20. Qxb7 Rab8
$15)) 19... Bd4 20. Bf4 {[%emt 0:04:32] [#]
Strongly threatening Rd1.} Rad8 21. Kh1 Bb6 22. Bg3 Qd3 23. Qc1 Rd5 24. h3 Rfd8 25.
Kh2 {[%emt 0:03:38] [#]} Rc5 $1 26. Rxc5 {[%emt 0:01:10] The
position is equal.} Bxc5 27. Re1 Be7 28. e6 fxe6 29. Rxe6 Bf6 30. Qe1 {[%emt 0:01:30]
Threatening mate with Re8+.} h6 31. Bc7 Rf8 32. Bd6 Bc3 33. Qc1 Rxf3 34. gxf3 {[%emt 0:00:13] Threatens to win with
Re8+.} Kf7 {[%emt 0:00:40] Prevents Re8.} 35. Qe3 Qd5 36. Re7+ Nxe7 37. Qxe7+ {[%emt 0:00:11] Weighted Error Value: White=0.05 (flawless) /Black=0.
04 (flawless)} 1/2-1/2

[Event "44th Chess Olympiad Open 2022"]
[Site "Chennai"]
[Date "2022.08.02"]
[Round "5.11"]
[White "Puranik, Abhimanyu"]
[Black "Lopez Silva, Hugo"]
[Result "1-0"]
[WhiteElo "2612"]
[BlackElo "2403"]
[Annotator "TA"]
[PlyCount "81"]
[EventDate "2022.??.??"]
[TimeControl "60"]

1. e4 e5 2.
Nf3 Nc6 3. Bb5 a6 4. Ba4 Nge7 5. c3 g6 6. d4 {[%emt 0:01:28] C70: Ruy Lopez: 3...a6 4 Ba4, Norwegian
and Delayed Schliemann.} exd4 7. cxd4 b5 8. Bc2 {[%emt 0:01:37] White is slightly better.} d5 9. Nc3 {[%emt 0:09:25] And now Bg5 would win.} Bg7 10.
O-O (10. exd5 $14 Nb4 11. Bb3) 10... O-O ({
Better is} 10... Bg4 $1 $11) 11. Bg5 $14 {[%emt 0:00:07] Black must now
prevent Nxd5.} h6 12. Bxe7 Nxe7 13. e5 Bg4 14. h3 $36 {[%emt 0:00:11]
White has good play.} Bxf3 15. Qxf3 c5 16. dxc5 Qc7 17. Rfe1 Qxc5 {[%emt 0:00:17] Hoping for ...b4.} 18. Bb3 {[%emt 0:00:00]
[#]} Rad8 $146 ({Predecessor:} 18... d4 19. Nd5 Nxd5 20. Rac1
Qb4 21. Qxd5 Kh8 22. Qe4 Rae8 23. f4 Re7 24. Red1 Rd8 {1-0 (44) Grandelius,N 
(2666)-Nihal,S (2652) Malmo 2021}) 19. Rac1 $1 {[%emt 0:03:22][%cal Yc3d5]
aiming for Nxd5!} Qb4 (19... Qd4 $14) 20. Nxd5 $16 ({But not} 20. Bxd5 $6 Nxd5 21. Nxd5 Qxb2 $11) 20... Nxd5 21. Bxd5 Qxb2 22. Rc7 Kh8 23. Bxf7 {[%emt 0:03:37] White is much more
active.} ({Don't play} 23. Rxf7 Qd2 24. Rxf8+ Rxf8 $14) 23... Bxe5 {[%emt 0:01:
15] [#]} 24. Qe3 $1 Bg7 (24...
Kg7 25. Qb6) 25. Bxg6 {[%emt 0:00:08] Strongly threatening Bc2.} Qd4 {[%emt 0:
04:49] [#]} 26. Bc2 ({White should try} 26. Qg3 $1 {Threatens
to win with Ree7.} Rd7 27. Rxd7 Qxd7 28. Be4) 26... Qxe3 27.
Rxe3 Rc8 {[%emt 0:00:22] [#]} 28. Rxc8 Rxc8 {
[%emt 0:00:00] Endgame KRB-KRB} 29. Bd3 Rd8 30. Kf1 Bd4 (30... Kg8 $16) 31. Re6 $1 $18 Bc5 (31... h5 {might work
better.} 32. f3 (32. Rxa6 Bxf2 33. Ke2 Bd4 $18) 32... Bc5) 32. Rxh6+ Kg7 33. Rc6 Rxd3 $2 (33... Be7 {keeps fighting.}) 34. Rxc5 {[%emt 0:00:25] KR-KR} Rd2 35. a3 Rd3 36. a4 b4 37. Ke2 Ra3 38. Ra5 {[%emt 0:00:00] White is clearly winning.} Ra2+ 39. Kf3 Ra3+ 40. Kg4 Ra2 41. Kg3 {[%emt 0:33:03] Weighted Error Value: White=0.07 
(flawless) /Black=0.20 (precise)} 1-0